 Dungeon Crawl Stone Soup version 0.22.1-5-g62c59d9 (webtiles) character file.

340385 JustSomeDude the Harbinger of Death (level 21, -1/171 HPs)
             Began as a Demonspawn Fighter on Jan 12, 2019.
             Was a High Priest of Yredelemnul.
             Shot with a bolt by a yaktaur (17 damage)
             ... led by a vault warden
             ... on level 5 of the Vaults on Jan 13, 2019.
             The game lasted 04:05:32 (39355 turns).

JustSomeDude the Harbinger of Death (DsFi)         Turns: 39355, Time: 04:05:32

Health: -1/171     AC: 26    Str: 29    XL:     21   Next: 7%
Magic:  34/34      EV: 23    Int: 11    God:    Yredelemnul [*****.]
Gold:   2788       SH: 20    Dex: 19    Spells: 20/20 levels left

rFire    + . .     SeeInvis +   a - +3 demon trident (elec)
rCold    . . .     Gourm    .   n - +2 shield of Plasticity {MR+}
rNeg     + . .     Faith    .   l - +3 steam dragon scales
rPois    .         Spirit   .   (helmet unavailable)
rElec    .         Reflect  +   s - +2 cloak
rCorr    .         Harm     .   C - +2 pair of gloves
MR       ++...                  Z - +2 pair of boots
Stlth    +++++.....             c - +3 amulet of reflection
HPRegen  0.38/turn              x - +5 ring of protection
MPRegen  0.24/turn              Y - +4 ring of strength

@: about to teleport, very slightly contaminated, hasted, studying 2 skills,
drained, very quick
A: antennae 3, thin skeletal structure 3, demonic guardian 2, fire resistance 1,
negative energy resistance 1, shaggy fur 1, evolution 1, MP-powered wands
}: 2/15 runes: serpentine, barnacled
a: Recall Undead Slaves, Injury Mirror, Animate Dead, Drain Life, Enslave Soul,
Renounce Religion


You were on level 5 of the Vaults.
You worshipped Yredelemnul.
Yredelemnul was extremely pleased with you.
You were not hungry.

You visited 9 branches of the dungeon, and saw 41 of its levels.
You also visited: Sewer and Bailey.

You collected 3810 gold pieces.
You spent 1022 gold pieces at shops.

Inventory:

Hand Weapons
 a - a +3 demon trident of electrocution (weapon)
Missiles
 q - 8 silver tomahawks (quivered)
Armour
 b - +0 gold dragon scales
 l - +3 steam dragon scales (worn)
 m - +0 acid dragon scales
 n - the +2 shield of Plasticity (worn) {MR+}
   (You found it in a bailey)

   It affects your resistance to hostile enchantments.
 s - a +2 cloak (worn)
 C - a +2 pair of gloves (worn)
 Z - a +2 pair of boots (worn)
Jewellery
 c - a +3 amulet of reflection (around neck)
 e - the cursed ring "Ystrutere" {rC+ MR+ Int+3 Dex-2 Stlth+}
   (You found it on level 1 of the Shoals)

   [ring of dexterity]

   It affects your intelligence (+3).
   It affects your dexterity (-2).
   It protects you from cold.
   It affects your resistance to hostile enchantments.
   It makes you more stealthy.
   It has a curse placed upon it.
 x - a +5 ring of protection (left hand)
 Y - a +4 ring of strength (right hand)
Wands
 t - a wand of iceblast (12)
 y - a wand of random effects (118)
 B - a wand of enslavement (24)
 F - a wand of disintegration (42)
 G - a wand of acid (42)
 H - a wand of paralysis (33)
 K - a wand of digging (11)
 M - a wand of polymorph (12)
 W - a wand of flame (149)
Scrolls
 d - 3 scrolls of enchant weapon
 g - 9 scrolls of amnesia
 h - 5 scrolls of immolation
 j - 16 scrolls of identify
 r - 3 scrolls of magic mapping
 v - 14 scrolls of teleportation
 z - 11 scrolls of remove curse
 L - 2 scrolls of enchant armour
 N - 2 scrolls of fog
Potions
 p - 7 potions of flight
 u - 2 potions of agility
 D - a potion of brilliance
 J - 6 potions of cancellation
 T - 2 potions of might
 U - 8 potions of curing
 X - 3 potions of haste
Books
 k - a manual of Maces & Flails
 I - a manual of Long Blades
Miscellaneous
 i - a lightning rod (4/4)
 o - a box of beasts
 w - a lightning rod (4/4)
 O - 2 phantom mirrors
 Q - a sack of spiders
 R - a phial of floods
 S - a crystal ball of energy
Comestibles
 f - 31 rations


   Skills:
 + Level 16.0(15.7) Fighting
 + Level 16.3(16.0) Polearms
 + Level 8.7(8.4) Armour
 + Level 12.8(12.6) Dodging
 - Level 6.4(6.1) Stealth
 - Level 15.0(14.7) Shields
 + Level 19.4(19.1) Invocations
 + Level 6.1(5.8) Evocations


You had 20 spell levels left.
You didn't know any spells.
Your spell library contained the following spells:

 Spells                   Type           Power        Failure   Level  Hunger
 Animate Skeleton         Necr           N/A          36%         1    ##.....
 Magic Dart               Conj           #...         36%         1    ##.....
 Pain                     Necr           #...         36%         1    ##.....
 Shock                    Conj/Air       #...         36%         1    ##.....
 Sting                    Conj/Pois      #...         36%         1    ##.....
 Summon Small Mammal      Summ           #...         36%         1    ##.....
 Call Imp                 Summ           #.......     50%         2    ###....
 Corpse Rot               Necr           N/A          50%         2    ###....
 Passwall                 Tmut/Erth      #.......     50%         2    ###....
 Poisonous Vapours        Pois/Air       #.....       50%         2    ###....
 Searing Ray              Conj           #.....       50%         2    ###....
 Shroud of Golubria       Chrm/Tloc      #.........   50%         2    ###....
 Swiftness                Chrm/Air       #.......     50%         2    ###....
 Call Canine Familiar     Summ           #.......     73%         3    ####...
 Conjure Flame            Conj/Fire      #.......     73%         3    ####...
 Dazzling Spray           Conj/Hex       #.....       73%         3    ####...
 Mephitic Cloud           Conj/Pois/Air  #.......     73%         3    ####...
 Ozocubu's Armour         Chrm/Ice       #.......     73%         3    ####...
 Recall                   Summ/Tloc      N/A          73%         3    ####...
 Regeneration             Chrm/Necr      #.........   73%         3    ####...
 Static Discharge         Conj/Air       #.......     73%         3    ####...
 Summon Guardian Golem    Hex/Summ       #.......     73%         3    ####...
 Vampiric Draining        Necr           #.........   73%         3    ####...
 Airstrike                Air            #.........   98%         4    #####..
 Animate Dead             Necr           N/A          98%         4    #####..
 Force Lance              Conj/Tloc      #.......     98%         4    #####..
 Fulminant Prism          Conj/Hex       #.........   98%         4    #####..
 Ice Form                 Ice/Tmut       #.......     98%         4    #####..
 Iskenderun's Mystic Bla  Conj           #.......     98%         4    #####..
 Leda's Liquefaction      Hex/Erth       #.........   98%         4    #####..
 Olgreb's Toxic Radiance  Pois           #.......     98%         4    #####..
 Summon Ice Beast         Ice/Summ       #.......     98%         4    #####..
 Summon Lightning Spire   Summ/Air       #.......     98%         4    #####..
 Aura of Abjuration       Summ           #.........   100%        5    ######.
 Bolt of Magma            Conj/Fire/Erth #.........   100%        5    ######.
 Dispel Undead            Necr           #.......     100%        5    ######.
 Excruciating Wounds      Chrm/Necr      #.........   100%        5    ######.
 Irradiate                Conj/Tmut      #.........   100%        5    ######.
 Lightning Bolt           Conj/Air       #.........   100%        5    ######.
 Silence                  Hex/Air        #.........   100%        5    ######.
 Summon Demon             Summ           #.........   100%        5    ######.
 Summon Forest            Summ/Tloc      #.........   100%        5    ######.
 Summon Mana Viper        Hex/Summ       #.......     100%        5    ######.
 Venom Bolt               Conj/Pois      #.........   100%        5    ######.
 Conjure Ball Lightning   Conj/Air       #.........   100%        6    #######
 Freezing Cloud           Conj/Ice/Air   #.........   100%        6    #######
 Hydra Form               Tmut           #.........   100%        6    #######
 Iron Shot                Conj/Erth      #.........   100%        6    #######
 Shadow Creatures         Summ           N/A          100%        6    #######
 Statue Form              Tmut/Erth      #........    100%        6    #######
 Dragon Form              Tmut           #.........   100%        7    #######
 Ring of Flames           Chrm/Fire      #.........   100%        7    #######
 Summon Hydra             Summ           #.........   100%        7    #######
 Shatter                  Erth           #.........   100%        9    #######


Dungeon Overview and Level Annotations

Branches:
Dungeon (15/15)            Temple (0/1) D:7            Lair (6/6) D:8
 Shoals (4/4) Lair:2        Snake (4/4) Lair:4        Slime (1/5) Lair:5
    Orc (2/2) D:11            Elf (3/3) Orc:2        Vaults (5/5) D:14
  Crypt (0/3) Vaults:3     Depths (1/5) D:15

Altars:
Ashenzari
Elyvilon
Gozag
Kikubaaqudgha
Nemelex Xobeh
Qazlal
Trog
Vehumet
Xom
Yredelemnul
The Shining One
Beogh

Shops:
D:14 :   Orc:2 !}(?   Elf:1 (!*?   Elf:3 ?   Snake:3 ![}%   Snake:4 %
Vaults:2 %   Depths:1 %

Portals:
Hell: Depths:1
Trove: D:14 (give +5 fire dragon scales)

Annotations:
Vaults:4 exclusion: obsidian statue


Innate Abilities, Weirdness & Mutations

You have a pair of large antennae on your head. (SInv)
You have an unnaturally thin skeletal structure. (Dex +6, Stealth++)
A demonic guardian rushes to your aid.
Your flesh is heat resistant. (rF+)
You resist negative energy. (rN+)
You are covered in fur. (AC +1)
You evolve.
You expend magic power (3 MP) to strengthen your wands.


Message History

Okay, then.
As you read the scroll of teleportation, it crumbles to dust.
You feel strangely unstable.
The vault warden throws a stone.
The stone hits you!!
* * * LOW HITPOINT WARNING * * *
You see here a stone.
The yaktaur captain shoots a bolt.
You reflect the bolt off an invisible shield around you!
The bolt hits the yaktaur captain!
The vault warden throws a stone.
You reflect the stone off an invisible shield around you!
The stone misses the vault warden.
The ghostly titan waves its arms in wide circles.
The air twists around and strikes you!
The yaktaur captain shoots a bolt.
You reflect the bolt off an invisible shield around you!
The bolt hits the yaktaur captain!!
You hear a shout! x2
The yaktaur wields an arbalest.
The yaktaur shoots a bolt.
The bolt hits you!
You die...
Your body rises from the dead as a mindless zombie.

*,,,*,,,,*,.#....#{#,*,*,*,*,*,*,
,*,,*,,*,,,.#3.CC##X#,*{*,*,*,*,*
,*,,,,,*,,,.#..D.#,#.#,*,*,*,*,*,
,,*,,*,,,,,,#.cC.#*,#?#,*,*,*,*,*
,,*,,*,{,,*,#....#,*,#.#,*,*,*,*,
*,,*,,,,*,*,#e...#*,*,#.#,*,*,*,*
**,*,,*,*,,,#....#,*,*,#.*,*,*,*,
**,,*,*,,,,,#....#*,*,*,*,*,*,,,*
,,,,*,,,,,,,#(X.@#,*,*,*,*,*,*,*,
*,,,,*,*,*,,#....#*,*,*,*,*,*,*,*
,**,,*,*,*,,#.(..#,*,*,*,*,*,*,*,
,,,**..,....#....#*,*,*,*,*,*,*,*
**,,,,..#...#....#,*,*,*,*,*,*,*,
,,,**,{.#.#.#....##c*,*,*,*,*,*,*
*,,,,,##..#5#.C..#.#e*,*,*,*,*,*,
,,,**,,.r535#ccepc#(#,*,*,*,*,*,*
,,,,...##p3C#...(.)#)*,*,*,*,*,*,


You could see a tentacled monstrosity, an iron dragon, a titan, a ghostly titan,
a frost giant (wandering), a vault warden, 3 yaktaur captains, a deep elf death
mage, an ettin, a deep elf high priest, a yaktaur and a friendly soul eater.

Vanquished Creatures
  Boris (Vaults:2)
  A tentacled monstrosity (Vaults:5)
  Frances (D:14)
  2 sphinxes
  A shadow dragon (Vaults:5)
  2 fire giants (Depths:1)
  A nagaraja (Snake:4)
  6 vault wardens
  An iron dragon (Vaults:5)
  6 stone giants
  2 very ugly things
  6 ironheart preservers
  A war gargoyle (Vaults:5)
  A deep elf annihilator (Elf:3)
  A deep elf demonologist (Vaults:3)
  An ettin (D:14)
  2 green deaths (Snake:1)
  A deep elf death mage (Vaults:2)
  2 fire dragons
  A yaktaur captain (Vaults:3)
  A rakshasa (D:13)
  An ice dragon (Vaults:2)
  Harold (D:7)
  4 hydras
  Erolcha (D:9)
  3 anacondas
  20 vault guards
  3 centaur warriors
  A merfolk aquamancer (Shoals:4)
  3 dancing weapons
  A deep troll shaman (Depths:1)
  A death knight (Vaults:3)
  8 two-headed ogres
  3 ogre magi
  A shock serpent (Snake:3)
  A death yak (Lair:6)
  3 tengu warriors
  3 naga sharpshooters
  9 deep elf knights
  3 sea snakes (Shoals:4)
  2 salamander mystics
  3 hell knights (Vaults:2)
  5 deep trolls
  3 shadow wraiths
  3 unseen horrors
  A glowing orange brain (Vaults:1)
  4 deep elf archers
  4 naga ritualists
  Pikel (D:4)
  A lindwurm (Snake:4)
  5 ironbrand convokers
  6 harpies
  2 necromancers
  6 orc knights
  16 deep elf magi
  10 ugly things
  3 orc sorcerers
  A mana viper (shapeshifter) (Elf:2)
  A wolf spider (Vaults:3)
  3 manticores
  A faun (shapeshifter) (Vaults:4)
  A faun (Shoals:2)
  A salamander (Snake:3)
  4 cyclopes
  11 elephants
  4 merfolk sirens (Shoals:4)
  2 naga magi
  12 black mambas
  10 vault sentinels
  10 spiny frogs
  3 centaur skeletons
  2 komodo dragons
  2 freezing wraiths
  2 kobold demonologists
  12 yaktaurs
  A queen bee (shapeshifter) (Elf:2)
  A human zombie (D:13)
  A troll (shapeshifter) (Vaults:4)
  4 merfolk
  3 trolls
  3 hornets
  8 slime creatures
  2 centaur simulacra
  2 human simulacra
  6 hippogriffs
  An air elemental (Elf:2)
  A shadow (D:14)
  Sigmund (D:4)
  A black mamba zombie (Snake:1)
  2 wraiths
  A redback (shapeshifter) (Vaults:1)
  A spriggan (D:9)
  4 water elementals
  A tarantella (shapeshifter) (D:15)
  12 yaks
  3 wyverns
  A fire elemental (Elf:2)
  A hog (shapeshifter) (Vaults:1)
  Eustachio (D:6)
  5 basilisks
  A golden eye (shapeshifter) (Vaults:1)
  A vampire mosquito (D:15)
  3 hungry ghosts
  A steam dragon (D:11)
  3 wargs (Vaults:1)
  9 nagas
  5 water moccasins
  2 acid dragons
  3 ice beasts
  8 porcupines
  12 orc warriors
  An ice beast (shapeshifter) (Elf:2)
  A hornet zombie (D:15)
  A black bear (D:12)
  A tengu (shapeshifter) (Depths:1)
  13 ogres
  4 boggarts (Vaults:3)
  12 wolves
  16 centaurs
  8 crocodiles
  A big kobold (D:8)
  Blork the orc (D:4)
  14 bullfrogs
  A wyvern zombie (D:10)
  A scorpion (shapeshifter) (Vaults:5)
  4 scorpions
  4 wights (D:10)
  2 howler monkeys
  An electric eel (D:13)
  5 crimson imps
  2 bullfrog zombies
  3 centaur zombies
  A lava snake (Snake:4)
  2 quasits (D:10)
  6 hounds
  2 jellies
  11 orc priests
  18 orc wizards
  A bullfrog skeleton (D:5)
  Terence (D:2)
  4 iguanas
  11 worker ants
  A statue (D:6)
  A big kobold zombie (D:8)
  2 naga zombies (Snake:1)
  A hound zombie (D:7)
  2 hound skeletons
  2 worker ant zombies
  A howler monkey zombie (D:6)
  3 gnolls
  16 adders
  4 river rats (Sewer)
  2 shadow imps
  3 white imps (D:14)
  3 oozes
  2 adder skeletons
  An adder zombie (D:7)
  3 worms
  A worm (shapeshifter) (Vaults:5)
  6 leopard geckos
  77 orcs
  15 giant cockroaches
  7 goblins
  3 hobgoblins
  9 jackals
  5 quokkas
  6 ball pythons
  6 bats
  A jackal skeleton (D:4)
  22 kobolds
  2 leopard gecko skeletons
  A leopard gecko zombie (D:6)
  An orc zombie (D:8)
  24 rats
  A spectral orc (D:3)
  A fungus (Lair:6)
771 creatures vanquished.

Vanquished Creatures (collateral kills)
  A golden dragon (Vaults:5)
  Asterion (Snake:3)
  2 deep elf blademasters (Elf:3)
  A deep elf master archer (Elf:3)
  Ilsuiw (Shoals:4)
  6 nagarajas (Snake:4)
  An orc warlord (Orc:2)
  The ghost of Pydaarez the Messiah, a journeyman HOMo of Beogh (Shoals:1)
  The ghost of Uwuur the Warrior, an adept GrFi of Qazlal (Snake:3)
  A fire giant (Depths:1)
  2 vault wardens (Vaults:1)
  4 deep elf sorcerers
  3 deep elf elementalists (Elf:3)
  3 very ugly things
  4 ironheart preservers
  8 deep elf demonologists
  5 stone giants
  10 deep elf annihilators
  An ettin (Vaults:3)
  6 merfolk javelineers (Shoals:4)
  6 deep elf death magi
  2 deep elf high priests (Elf:3)
  A fire dragon (Depths:1)
  10 merfolk impalers
  3 yaktaur captains (Vaults:1)
  9 vault guards
  2 rakshasas
  2 great orbs of eyes
  3 hydras
  3 ice dragons
  11 naga warriors
  6 centaur warriors
  A merfolk avatar (Shoals:4)
  10 anacondas
  4 catoblepae
  A death knight (Vaults:3)
  6 death yaks
  8 two-headed ogres
  2 merfolk aquamancers
  4 satyrs
  2 alligator snapping turtles (Shoals:4)
  A deep troll earth mage (Depths:1)
  A tengu warrior (Depths:1)
  6 ogre magi
  8 shock serpents
  24 dancing weapons
  11 naga sharpshooters
  Urug (Lair:5)
  2 hell knights (Vaults:2)
  Nergalle (Orc:2)
  12 deep elf knights
  2 skeletal warriors
  5 salamander mystics (Snake:4)
  An unseen horror (D:13)
  4 sea snakes
  5 deep trolls
  3 orc knights
  3 ironbrand convokers
  3 naga ritualists
  3 lindwurms
  16 deep elf archers
  A necromancer (Elf:1)
  8 harpies
  3 wolf spiders
  An oklob plant (Lair:5)
  3 cyclopes
  A mana viper (shapeshifter) (Vaults:2)
  An orb spider (shapeshifter) (Vaults:4)
  6 orc sorcerers
  15 ugly things
  46 deep elf magi
  10 fauns
  11 manticores
  11 mana vipers
  8 salamanders
  8 guardian serpents
  15 merfolk sirens
  23 black mambas
  7 vault sentinels
  Maurice (D:9)
  3 centaur zombies
  9 elephants
  2 gargoyles (D:15)
  28 naga magi
  3 water nymphs
  A torpor snail (Lair:5)
  A centaur skeleton (D:15)
  3 spiny frogs
  A rime drake (shapeshifter) (Vaults:3)
  17 yaktaurs
  2 rime drakes
  3 komodo dragons
  A freezing wraith (D:15)
  A kobold demonologist (D:8)
  2 tengu conjurers
  5 trolls
  15 merfolk
  3 wind drakes
  A polar bear (Lair:4)
  A wolf spider simulacrum (Vaults:1)
  A hornet (Lair:4)
  3 blink frogs (Lair:4)
  11 hippogriffs
  11 slime creatures
  6 snapping turtles
  A centaur simulacrum (D:14)
  An air elemental (Elf:1)
  11 water elementals
  A tarantella (shapeshifter) (Vaults:2)
  A wraith (Vaults:3)
  18 yaks
  A shadow (D:13)
  A black mamba zombie (Snake:1)
  A spriggan (shapeshifter) (Vaults:1)
  3 wyverns
  4 large abominations (Elf:1)
  A fire elemental (Elf:3)
  A hungry ghost (D:8)
  3 basilisks
  A vampire mosquito (D:15)
  A warg (Orc:2)
  2 acid dragons (D:14)
  36 nagas
  8 water moccasins
  3 porcupines
  2 black bears
  A sky beast (D:9)
  A black bear (shapeshifter) (Vaults:4)
  An eye of draining (D:14)
  20 orc warriors
  7 boggarts (Vaults:3)
  8 wolves
  19 ogres
  7 centaurs
  10 crocodiles
  3 elf zombies (Elf:1)
  7 bullfrogs
  3 big kobolds
  3 earth elementals
  A water moccasin zombie (D:5)
  3 naga zombies (Snake:1)
  5 electric eels (D:11)
  2 crimson imps
  A howler monkey (D:11)
  3 lava snakes (Snake:4)
  A quasit (D:7)
  A hound (D:11)
  2 jellies
  7 orc priests
  27 orc wizards
  3 worker ants
  3 gnolls
  2 adders
  An orc zombie (D:11)
  9 white imps (D:14)
  An adder zombie (D:6)
  A leopard gecko (D:11)
  36 orcs
  A ball python (Snake:4)
  4 kobolds
  A quokka zombie (D:5)
  11 bushes
  2 butterflies (Lair:6)
  3 crawling corpses (Elf:3)
  22 fungi
  35 plants
962 creatures vanquished.

Vanquished Creatures (others)
  3 profane servitors
  4 bone dragons
  2 spectral humans
  3 ghouls
  4 vampire knights
  3 very ugly thing zombies (Vaults:2)
  A spectral naga (Snake:2)
  2 spectral elves (Elf:3)
  A centaur warrior (D:13)
  A satyr (Shoals:2)
  A deep troll earth mage (Depths:1)
  A naga sharpshooter (Snake:4)
  A deep elf knight (Elf:2)
  A golden dragon zombie (Vaults:5)
  5 skeletal warriors
  A deep troll (Depths:1)
  2 anaconda zombies
  7 flayed ghosts
  A spectral deep troll (D:15)
  A lindwurm (shapeshifter) (Vaults:5)
  A lindwurm (Snake:4)
  9 phantasmal warriors
  A wolf spider zombie (Vaults:3)
  A spectral spriggan (Elf:1)
  2 cyclopes
  A faun (Shoals:2)
  A shock serpent zombie (Snake:3)
  6 elf zombies
  5 yaktaurs
  A ghoul skeleton (Vaults:1)
  A harpy zombie (Vaults:3)
  An ettin zombie (D:14)
  7 ugly thing zombies
  A fire dragon zombie (Vaults:2)
  5 black mamba zombies
  11 flying skulls
  14 vampires
  2 wraiths
  A spectral troll (Snake:1)
  2 two-headed ogre zombies
  8 human zombies
  A spiny frog zombie (Lair:3)
  A water moccasin (D:7)
  A sky beast (D:7)
  2 hornet zombies
  An orc warrior (D:11)
  2 merfolk zombies (Shoals:4)
  A manticore zombie (Shoals:4)
  8 naga zombies
  A boggart (Vaults:3)
  An elephant zombie (Lair:6)
  4 centaurs
  A manticore skeleton (Shoals:4)
  6 yaktaur zombies
  2 cyclops zombies
  A salamander skeleton (Snake:3)
  A wyvern zombie (D:14)
  A water moccasin zombie (Snake:4)
  3 yak zombies
  A wight (D:11)
  A bullfrog zombie (D:13)
  8 centaur zombies
  A porcupine zombie (Lair:3)
  5 ogre zombies
  An acid dragon zombie (Vaults:2)
  2 hound zombies (D:8)
  A mummy (Lair:2)
  A worker ant zombie (D:5)
  An adder zombie (D:9)
  An orc (D:4)
  A quokka (D:7)
  A ball python zombie (Snake:4)
  A gnoll zombie (D:6)
  A kobold zombie (D:8)
  4 orc skeletons
  21 orc zombies
  A quokka skeleton (D:5)
  5 fungi (Lair:6)
  19 plants
241 creatures vanquished.

Grand Total: 1974 creatures vanquished

Notes
Turn   | Place    | Note
-------+----------+-------------------------------------------
     0 | D:1      | JustSomeDude the Demonspawn Fighter began the quest for the
                  | Orb.
     0 | D:1      | Reached XP level 1. HP: 18/18 MP: 1/1
   521 | D:1      | Gained mutation: A weak demonic guardian rushes to your
                  | aid. [demonic ancestry]
   521 | D:1      | Reached XP level 2. HP: 24/24 MP: 2/2
  1023 | D:2      | Gained mutation: You have a somewhat thin skeletal
                  | structure. (Dex +2, Stealth) [demonic ancestry]
  1023 | D:2      | Reached XP level 3. HP: 17/29 MP: 3/3
  1159 | D:2      | Noticed Terence
  1177 | D:2      | Killed Terence
  1334 | D:2      | Reached XP level 4. HP: 29/35 MP: 4/4
  1535 | D:3      | Found a glowing drain.
  1565 | Sewer    | Entered a sewer
  1628 | Sewer    | Noticed a big kobold
  1636 | Sewer    | Killed a big kobold
  1636 | Sewer    | Reached XP level 5. HP: 41/41 MP: 5/5
  1838 | Sewer    | Reached skill level 1 in Dodging
  1972 | Sewer    | Gained mutation: You have a pair of small antennae on your
                  | head. [demonic ancestry]
  1972 | Sewer    | Reached XP level 6. HP: 39/48 MP: 6/6
  2294 | D:3      | Found a stormy altar of Qazlal.
  2469 | D:3      | Found a basalt altar of Yredelemnul.
  2478 | D:3      | Became a worshipper of Yredelemnul the Dark
  2791 | D:3      | Found a glowing golden altar of the Shining One.
  2964 | D:4      | Noticed Sigmund
  3055 | D:4      | Killed Sigmund
  3168 | D:4      | Noticed Pikel
  3168 | D:4      | Noticed a slave
  3168 | D:4      | Noticed a slave
  3168 | D:4      | Noticed a slave
  3207 | D:4      | Killed Pikel
  3207 | D:4      | Reached skill level 5 in Polearms
  3207 | D:4      | Gained mutation: You have a moderately thin skeletal
                  | structure. (Dex +4, Stealth+) [demonic ancestry]
  3207 | D:4      | Reached XP level 7. HP: 27/54 MP: 7/7
  3331 | D:4      | Noticed Blork the orc
  3341 | D:4      | Killed Blork the orc
  3783 | D:4      | Reached XP level 8. HP: 61/61 MP: 8/8
  4052 | D:5      | Entered Level 5 of the Dungeon
  4083 | D:5      | Reached * piety under Yredelemnul
  4144 | D:5      | Found a shattered altar of Ashenzari.
  4154 | D:5      | Found a sparkling altar of Nemelex Xobeh.
  4557 | D:5      | Found a bloodstained altar of Trog.
  4566 | D:5      | Reached skill level 1 in Invocations
  4797 | D:6      | Reached skill level 5 in Shields
  4882 | D:6      | Found a white marble altar of Elyvilon.
  5064 | D:6      | Reached skill level 2 in Invocations
  5133 | D:6      | Noticed Eustachio
  5148 | D:6      | Killed Eustachio
  5198 | D:6      | Reached skill level 1 in Stealth
  5338 | D:6      | Reached skill level 3 in Invocations
  5411 | D:6      | Found a radiant altar of Vehumet.
  5588 | D:6      | Reached ** piety under Yredelemnul
  5588 | D:6      | Gained mutation: You have a pair of antennae on your head.
                  | [demonic ancestry]
  5588 | D:6      | Reached XP level 9. HP: 63/67 MP: 11/11
  5760 | D:7      | Found a flagged portal.
  5785 | D:7      | Noticed Harold
  5788 | D:7      | Reached skill level 5 in Fighting
  5852 | D:7      | Killed Harold
  5852 | D:7      | Reached skill level 5 in Armour
  5852 | D:7      | Reached skill level 4 in Invocations
  5878 | D:7      | Reached skill level 5 in Invocations
  6011 | Bailey   | Entered a bailey
  6096 | Bailey   | Noticed an orc knight
  6103 | Bailey   | Noticed an orc knight
  6118 | Bailey   | Noticed an orc knight
  6408 | Bailey   | Killed an orc knight
  6408 | Bailey   | Reached skill level 1 in Evocations
  6428 | Bailey   | HP: 2/69 [orc warrior/glaive (20)]
  6931 | Bailey   | Got a warped shield
  6942 | Bailey   | Identified the +2 shield of Plasticity {MR+} (You found it
                  | in a bailey)
  7111 | Bailey   | Noticed an orc knight
  7142 | Bailey   | HP: 4/103 [orc knight/halberd (33)]
  7156 | Bailey   | Killed an orc knight
  7156 | Bailey   | Gained mutation: You have an unnaturally thin skeletal
                  | structure. (Dex +6, Stealth++) [demonic ancestry]
  7156 | Bailey   | Reached XP level 10. HP: 35/76 MP: 14/14
  7449 | D:7      | Found a staircase to the Ecumenical Temple.
  7475 | D:7      | Reached skill level 6 in Invocations
  7896 | D:8      | Found a staircase to the Lair.
  7924 | D:8      | Reached *** piety under Yredelemnul
  8000 | D:8      | Noticed a sixfirhy
  8897 | D:9      | Reached skill level 7 in Invocations
  8987 | D:9      | Received a gift from Yredelemnul (3 flying skulls)
  9323 | D:9      | Noticed Erolcha
  9330 | D:9      | Killed Erolcha
  9330 | D:9      | Reached **** piety under Yredelemnul
  9331 | D:9      | Received a gift from Yredelemnul (a mummy)
  9422 | D:9      | Noticed Maurice
  9431 | D:9      | Killed Maurice
  9559 | D:9      | Noticed a two-headed ogre
  9560 | D:9      | Received a gift from Yredelemnul (a wraith)
  9573 | D:9      | Reached XP level 11. HP: 67/83 MP: 16/16
  9581 | D:9      | Killed a two-headed ogre
  9581 | D:9      | Reached skill level 8 in Invocations
  9658 | D:10     | Entered Level 10 of the Dungeon
  9693 | D:10     | Found a shattered altar of Ashenzari.
 10636 | D:11     | Received a gift from Yredelemnul (3 flying skulls)
 10725 | D:11     | Reached skill level 10 in Polearms
 10748 | D:11     | Noticed an orc knight
 10964 | D:11     | Received a gift from Yredelemnul (a wight)
 10964 | D:11     | Noticed a two-headed ogre
 10987 | D:11     | Killed a two-headed ogre
 10987 | D:11     | Reached skill level 9 in Invocations
 11062 | D:11     | Found a roughly hewn altar of Beogh.
 11296 | D:11     | Received a gift from Yredelemnul (5 flying skulls)
 11359 | D:11     | Reached ***** piety under Yredelemnul
 11394 | D:11     | Found a staircase to the Orcish Mines.
 11558 | Orc:1    | Entered Level 1 of the Orcish Mines
 11601 | Orc:1    | Received a gift from Yredelemnul (a phantasmal warrior)
 11807 | Orc:2    | Entered Level 2 of the Orcish Mines
 11924 | Orc:2    | Noticed an orc sorcerer
 11925 | Orc:2    | Noticed an orc warlord
 11932 | Orc:2    | Noticed a sixfirhy
 12306 | D:11     | Noticed a green ugly thing
 12310 | D:11     | Noticed a cyan ugly thing
 12326 | D:11     | Killed a green ugly thing
 12344 | D:11     | Killed a green ugly thing
 12493 | D:11     | Killed an orc knight
 12567 | D:11     | Reached skill level 5 in Stealth
 12792 | D:12     | Noticed a two-headed ogre
 12826 | D:12     | Received a gift from Yredelemnul (a vampire)
 12836 | D:12     | Got an ichor-stained dagger
 12837 | D:12     | Identified the cursed +3 dagger of Iconoclasm {flame,
                  | +Blink Int+3 Dex+4} (You found it on level 12 of the
                  | Dungeon)
 12939 | D:12     | Reached XP level 12. HP: 58/91 MP: 19/19
 13174 | D:12     | Killed a two-headed ogre
 13461 | D:13     | Noticed a rakshasa
 13495 | D:13     | Noticed a centaur warrior
 13506 | D:13     | Killed a centaur warrior
 13552 | D:13     | Received a gift from Yredelemnul (a phantasmal warrior)
 13589 | D:13     | Found a radiant altar of Vehumet.
 13671 | D:13     | Noticed a two-headed ogre
 13677 | D:13     | Killed a two-headed ogre
 13736 | D:13     | Noticed a centaur warrior
 13757 | D:13     | Killed a centaur warrior
 14071 | D:13     | Killed a rakshasa
 14528 | D:14     | Found Japtoyv's Book Boutique.
 14559 | D:14     | Reached skill level 10 in Invocations
 14584 | D:14     | Noticed an ogre mage
 14585 | D:14     | Noticed a vault guard
 14585 | D:14     | Noticed a vault guard
 14585 | D:14     | Found a gate to the Vaults.
 14585 | D:14     | Noticed a vault guard
 14585 | D:14     | Noticed a tengu warrior
 14585 | D:14     | Noticed a vault guard
 14628 | D:14     | Found an opulent altar of Gozag.
 14672 | D:14     | Noticed a two-headed ogre
 14696 | D:13     | Killed a vault guard
 14729 | D:13     | Killed a vault guard
 14765 | D:13     | Killed a two-headed ogre
 15244 | D:14     | Killed a vault guard
 15356 | D:14     | Received a gift from Yredelemnul (a skeletal warrior)
 15365 | D:14     | Noticed a centaur warrior
 15377 | D:14     | Noticed a centaur warrior
 15401 | D:14     | Killed a centaur warrior
 15404 | D:14     | Noticed an ettin
 15408 | D:14     | Killed a centaur warrior
 15408 | D:14     | Reached XP level 13. HP: 77/98 MP: 20/20
 15414 | D:14     | Noticed Frances
 15439 | D:14     | Killed an ettin
 15978 | D:14     | Killed Frances
 16387 | D:14     | Received a gift from Yredelemnul (a wraith)
 16485 | D:14     | Identified the Disquisition on Dusty Transmigration
 16528 | D:14     | Found a portal to a secret trove of treasure.
 17009 | D:15     | Entered Level 15 of the Dungeon
 17053 | D:15     | Received a gift from Yredelemnul (a phantasmal warrior)
 17151 | D:15     | Received a gift from Yredelemnul (a flayed ghost)
 17324 | D:15     | Found a staircase to the Depths.
 17453 | D:15     | Reached skill level 10 in Shields
 17878 | D:15     | Reached skill level 11 in Invocations
 18153 | Lair:1   | Entered Level 1 of the Lair of Beasts
 18510 | Lair:1   | Reached ****** piety under Yredelemnul
 18892 | Lair:2   | Received a gift from Yredelemnul (a phantasmal warrior)
 18914 | Lair:2   | Reached skill level 5 in Dodging
 18944 | Lair:2   | Found a staircase to the Shoals.
 19214 | Lair:2   | Received a gift from Yredelemnul (a flayed ghost)
 19616 | Lair:3   | Gained mutation: You have a pair of large antennae on your
                  | head. (SInv) [demonic ancestry]
 19616 | Lair:3   | Reached XP level 14. HP: 58/108 MP: 15/22
 19657 | Lair:3   | Noticed Snorg
 19720 | Lair:3   | Received a gift from Yredelemnul (a vampire knight)
 20538 | Lair:4   | Received a gift from Yredelemnul (a bone dragon)
 20659 | Lair:4   | Killed Snorg
 20659 | Lair:4   | Enslaved Snorg
 20745 | Lair:4   | Found a staircase to the Snake Pit.
 20770 | Snake:1  | Entered Level 1 of the Snake Pit
 21012 | Snake:1  | Your ally Snorg died
 21018 | Snake:1  | Received a gift from Yredelemnul (a bone dragon)
 21252 | Snake:1  | Found a runed door.
 21303 | Snake:1  | Reached skill level 12 in Invocations
 21331 | Snake:1  | Received a gift from Yredelemnul (a flayed ghost)
 21649 | Snake:1  | Reached skill level 10 in Fighting
 22338 | Snake:2  | Gained mutation: You expend magic power (3 MP) to
                  | strengthen your wands. [potion of mutation]
 22338 | Snake:2  | Gained mutation: You evolve. [potion of mutation]
 22338 | Snake:2  | Gained mutation: Your magical capacity is low. (-10% MP)
                  | [potion of mutation]
 22338 | Snake:2  | Gained mutation: You are covered in fur. (AC +1) [potion of
                  | mutation]
 22340 | Snake:2  | Lost mutation: Your magical capacity is low. (-10% MP)
                  | [potion of mutation]
 22340 | Snake:2  | Gained mutation: You have sharp fingernails. [potion of
                  | mutation]
 22516 | Snake:2  | Noticed a nagaraja
 22530 | Snake:2  | Killed a nagaraja
 22530 | Snake:2  | Enslaved a nagaraja
 22751 | Snake:2  | Received a gift from Yredelemnul (a vampire knight)
 22897 | Snake:2  | Noticed a nagaraja
 22913 | Snake:2  | Killed a nagaraja
 22913 | Snake:2  | Enslaved a nagaraja
 23048 | Snake:3  | Reached skill level 13 in Invocations
 23049 | Snake:3  | Noticed Asterion
 23065 | Snake:3  | Killed Asterion
 23076 | Snake:3  | Noticed Vashnia
 23083 | Snake:3  | Found a runed door.
 23087 | Snake:3  | Found a shimmering altar of Xom.
 23087 | Snake:3  | Noticed Uwuur's ghost (adept GrFi)
 23103 | Snake:3  | Killed Vashnia
 23103 | Snake:3  | Enslaved Vashnia
 23281 | Snake:3  | Gained mutation: Your flesh is heat resistant. (rF+)
                  | [demonic ancestry]
 23281 | Snake:3  | Reached XP level 15. HP: 73/116 MP: 24/24
 23495 | Snake:3  | Found Woicid's Gadget Shop.
 23495 | Snake:3  | Found Xitiushe's Antique Armour Boutique.
 23496 | Snake:3  | Found Abbyczid's Food Shop.
 23498 | Snake:3  | Found Moumar's Distillery.
 23529 | Snake:3  | Bought a potion of heal wounds for 65 gold pieces
 23529 | Snake:3  | Bought a potion of curing for 39 gold pieces
 23529 | Snake:3  | Bought a potion of curing for 39 gold pieces
 23529 | Snake:3  | Bought a potion of haste for 130 gold pieces
 23529 | Snake:3  | Bought a potion of heal wounds for 65 gold pieces
 23529 | Snake:3  | Bought a potion of agility for 52 gold pieces
 23529 | Snake:3  | Bought a potion of heal wounds for 65 gold pieces
 23583 | Snake:3  | Received a gift from Yredelemnul (a ghoul)
 23670 | Snake:3  | Gained mutation: You can translocate small distances at
                  | will. [evolution]
 23787 | Snake:4  | Entered Level 4 of the Snake Pit
 24011 | Snake:3  | Killed Uwuur's ghost
 24024 | Snake:3  | Got a smoking great sword {chaos}
 24031 | Snake:3  | Identified a scroll of acquirement
 24032 | Snake:3  | Got a jewelled rapier
 24033 | Snake:3  | Identified the +0 rapier "Giompitu" {venom, MP+9 Stlth+}
                  | (You acquired it on level 3 of the Snake Pit)
 24227 | Snake:4  | Noticed a nagaraja
 24241 | Snake:4  | Killed a nagaraja
 24384 | Snake:4  | Found Enanim's Food Shop.
 24611 | Snake:4  | Noticed a nagaraja
 24626 | Snake:4  | Reached skill level 14 in Invocations
 24634 | Snake:4  | Killed a nagaraja
 24772 | Snake:4  | Noticed a nagaraja
 24790 | Snake:4  | Received a gift from Yredelemnul (a profane servitor)
 24791 | Snake:4  | Killed a nagaraja
 24794 | Snake:4  | Noticed a nagaraja
 24794 | Snake:4  | Noticed a nagaraja
 24807 | Snake:4  | Killed a nagaraja
 24812 | Snake:4  | Killed a nagaraja
 24821 | Snake:4  | Received a gift from Yredelemnul (a flayed ghost)
 24878 | Snake:4  | Noticed a nagaraja
 24896 | Snake:4  | Killed a nagaraja
 24964 | Snake:4  | Noticed a nagaraja
 24969 | Snake:4  | Killed a nagaraja
 25221 | Snake:4  | Received a gift from Yredelemnul (a skeletal warrior)
 25223 | Snake:4  | Reached XP level 16. HP: 87/125 MP: 17/26
 25231 | Snake:4  | Got a serpentine rune of Zot
 25791 | Lair:4   | Received a gift from Yredelemnul (a flayed ghost)
 25889 | Lair:5   | Found a staircase to the Slime Pits.
 25923 | Lair:5   | Identified the Catalogue of Air
 25934 | Slime:1  | Entered Level 1 of the Pits of Slime
 26219 | Lair:5   | Noticed Urug
 26234 | Lair:5   | Killed Urug
 27176 | Orc:2    | Found a staircase to the Elven Halls.
 27216 | Orc:2    | Found Jocwor's Magic Scroll Shop.
 27228 | Orc:2    | Received a gift from Yredelemnul (a flayed ghost)
 27238 | Orc:2    | Found an ancient bone altar of Kikubaaqudgha.
 27238 | Orc:2    | Noticed Nergalle
 27252 | Orc:2    | Killed Nergalle
 27271 | Orc:2    | Found a roughly hewn altar of Beogh.
 27275 | Orc:2    | Found Joloz's Distillery.
 27285 | Orc:2    | Found Rigebuhe's Antique Weapon Shop.
 27299 | Orc:2    | Found a radiant altar of Vehumet.
 27359 | Orc:2    | Found Ysyu's Gadget Boutique.
 27377 | Orc:2    | Reached skill level 15 in Invocations
 27458 | Elf:1    | Entered Level 1 of the Elven Halls
 27594 | Elf:1    | Received a gift from Yredelemnul (a vampire)
 27599 | Elf:1    | Noticed Agnes
 27601 | Elf:1    | Found Peasoschu's Assorted Antiques.
 27610 | Elf:1    | Killed Agnes
 27610 | Elf:1    | Enslaved Agnes
 27611 | Elf:1    | Found Piof's Antique Weapon Emporium.
 27612 | Elf:1    | Found Zisedato's Magic Scroll Emporium.
 27613 | Elf:1    | Found Qimog's Distillery.
 27617 | Elf:1    | Bought a wand of flame (17) for 42 gold pieces
 27623 | Elf:1    | Bought a potion of haste for 150 gold pieces
 27623 | Elf:1    | Bought a potion of haste for 150 gold pieces
 27623 | Elf:1    | Bought a potion of resistance for 150 gold pieces
 27623 | Elf:1    | Bought a potion of heal wounds for 75 gold pieces
 27751 | Elf:1    | Got a fine chain mail
 27752 | Elf:1    | Identified the +6 chain mail of Rutrahuq {rC- Str+4} (You
                  | found it on level 1 of the Elven Halls)
 27753 | Elf:1    | Your ally Agnes died
 28062 | Elf:1    | Received a gift from Yredelemnul (a vampire)
 28100 | Elf:1    | Identified the Collected Works on Black Rituals
 28361 | Elf:2    | Received a gift from Yredelemnul (a vampire)
 28532 | Elf:2    | Found a huge runed gate.
 28532 | Elf:2    | Found a huge runed gate.
 28533 | Elf:2    | Found a huge runed gate.
 28616 | Elf:2    | Received a gift from Yredelemnul (a ghoul)
 28962 | Elf:2    | Received a gift from Yredelemnul (a vampire)
 29145 | Elf:2    | Received a gift from Yredelemnul (a vampire)
 29190 | Elf:2    | Noticed a deep elf blademaster
 29201 | Elf:2    | Killed a deep elf blademaster
 29201 | Elf:2    | Enslaved a deep elf blademaster
 29292 | Elf:2    | Lost mutation: You can translocate small distances at will.
                  | [evolution]
 29299 | Elf:3    | Entered Level 3 of the Elven Halls
 29622 | Elf:3    | Found Toreid's Magic Scroll Shop.
 29701 | Elf:3    | Gained mutation: A demonic guardian rushes to your aid.
                  | [demonic ancestry]
 29701 | Elf:3    | Reached XP level 17. HP: 120/133 MP: 28/28
 29702 | Elf:3    | Received a gift from Yredelemnul (a vampire)
 29728 | Elf:3    | Reached skill level 16 in Invocations
 29782 | Elf:3    | Noticed a deep elf master archer
 29782 | Elf:3    | Noticed a deep elf blademaster
 29806 | Elf:3    | Killed a deep elf master archer
 29813 | Elf:3    | Killed a deep elf blademaster
 29906 | Elf:3    | Noticed a deep elf master archer
 29919 | Elf:3    | Killed a deep elf master archer
 29919 | Elf:3    | Enslaved a deep elf master archer
 29947 | Elf:3    | Noticed a deep elf blademaster
 29977 | Elf:3    | Killed a deep elf blademaster
 29997 | Elf:3    | Identified the Incunabulum of Cloudy Creation
 30013 | Elf:3    | Identified Noraotz's Reference Book on Attacks
 30015 | Elf:3    | Identified Zamuz's Guide on Cloudy Augmentations
 30161 | Elf:3    | Got an ivory long sword {drain}
 30162 | Elf:3    | Identified the cursed +1 long sword of Nyotoosku {drain,
                  | rPois rF- rC+ MP+9} (You took it off a deep elf annihilator
                  | on level 3 of the Elven Halls)
 30231 | Elf:3    | Got a smoking glass ring
 30337 | Elf:3    | Identified the ring of Godet {rF+ Int+4} (You took it off a
                  | deep elf annihilator on level 3 of the Elven Halls)
 30848 | Shoals:1 | Entered Level 1 of the Shoals
 31101 | Shoals:1 | Found a runed door.
 31101 | Shoals:1 | Found a shimmering altar of Xom.
 31101 | Shoals:1 | Noticed Pydaarez's ghost (journeyman HOMo)
 31128 | Shoals:1 | Killed Pydaarez's ghost
 31131 | Shoals:1 | Got a scorched ivory ring
 31154 | Shoals:1 | Got a sparkling pewter ring
 31155 | Shoals:1 | Identified the cursed ring "Raesing" {rElec Str-5 Int+6
                  | Dex-5 Stlth+} (You found it on level 1 of the Shoals)
 31156 | Shoals:1 | Identified the cursed ring "Ystrutere" {rC+ MR+ Int+3 Dex-2
                  | Stlth+} (You found it on level 1 of the Shoals)
 31213 | Shoals:1 | Received a gift from Yredelemnul (a vampire)
 31501 | Shoals:2 | Received a gift from Yredelemnul (a phantasmal warrior)
 31656 | Shoals:2 | Received a gift from Yredelemnul (a vampire)
 31684 | Shoals:3 | Reached skill level 17 in Invocations
 31704 | Shoals:4 | Entered Level 4 of the Shoals
 31797 | Shoals:4 | Received a gift from Yredelemnul (a phantasmal warrior)
 31869 | Shoals:4 | Reached skill level 10 in Dodging
 31888 | Shoals:4 | Received a gift from Yredelemnul (a ghoul)
 31957 | Shoals:4 | Got an ebony hunting sling
 31975 | Shoals:4 | Noticed Ilsuiw
 31996 | Shoals:4 | Received a gift from Yredelemnul (a profane servitor)
 32003 | Shoals:4 | Killed Ilsuiw
 32280 | Shoals:4 | Reached skill level 15 in Shields
 32323 | Shoals:4 | Got a barnacled rune of Zot
 32407 | Shoals:3 | Lost mutation: You have sharp fingernails. [evolution]
 32427 | Shoals:3 | Received a gift from Yredelemnul (a bone dragon)
 32644 | Lair:6   | Entered Level 6 of the Lair of Beasts
 32701 | Lair:6   | Received a gift from Yredelemnul (a vampire)
 32721 | Lair:6   | Reached XP level 18. HP: 131/143 MP: 30/30
 32859 | Lair:6   | Received a gift from Yredelemnul (a vampire knight)
 32975 | Lair:6   | Received a gift from Yredelemnul (a vampire)
 33046 | Lair:6   | Identified the +7 hunting sling of Forced Transition
                  | {venom, Fragile Dex+6} (You found it on level 4 of the
                  | Shoals)
 33268 | Lair:6   | Gained mutation: You resist negative energy. (rN+) [demonic
                  | ancestry]
 33268 | Lair:6   | Reached XP level 19. HP: 149/149 MP: 31/31
 33704 | Depths:1 | Entered Level 1 of the Depths
 33763 | Depths:1 | Found a gateway to Hell.
 33898 | Depths:1 | Received a gift from Yredelemnul (a vampire knight)
 34057 | Depths:1 | Found Ypitrau's Food Shop.
 34206 | Depths:1 | Received a gift from Yredelemnul (a vampire)
 34706 | Vaults:1 | Entered Level 1 of the Vaults
 34955 | Vaults:1 | Received a gift from Yredelemnul (a skeletal warrior)
 35238 | Vaults:1 | Reached skill level 18 in Invocations
 35616 | Vaults:1 | Received a gift from Yredelemnul (a vampire)
 35723 | Vaults:1 | Reached skill level 15 in Polearms
 35831 | Vaults:1 | Received a gift from Yredelemnul (a skeletal warrior)
 35979 | Vaults:2 | Noticed Boris
 35992 | Vaults:2 | Killed Boris
 36092 | Vaults:2 | Found Puituck's Food Boutique.
 36144 | Vaults:2 | Received a gift from Yredelemnul (a bone dragon)
 36255 | Vaults:2 | Reached XP level 20. HP: 151/160 MP: 33/33
 36445 | Vaults:2 | Received a gift from Yredelemnul (a bone dragon)
 36507 | Vaults:2 | Noticed Margery
 36530 | Vaults:2 | Killed Margery
 36530 | Vaults:2 | Enslaved Margery
 36534 | Vaults:2 | Your ally Margery died
 36646 | Vaults:2 | Reached skill level 15 in Fighting
 36694 | Vaults:2 | Received a gift from Yredelemnul (a vampire)
 37460 | Vaults:3 | Received a gift from Yredelemnul (a profane servitor)
 37556 | Vaults:3 | Received a gift from Yredelemnul (a phantasmal warrior)
 37591 | Vaults:3 | Found a staircase to the Crypt.
 38456 | Vaults:4 | Received a gift from Yredelemnul (a phantasmal warrior)
 38556 | Vaults:4 | Reached skill level 19 in Invocations
 38559 | Vaults:4 | Identified the Incunabulum of Enchantment
 38581 | Vaults:4 | Received a gift from Yredelemnul (a phantasmal warrior)
 38726 | Vaults:5 | Entered Level 5 of the Vaults
 38726 | Vaults:5 | Noticed a golden dragon
 38888 | Vaults:5 | Received a gift from Yredelemnul (a flayed ghost)
 39037 | Vaults:5 | Received a gift from Yredelemnul (a skeletal warrior)
 39044 | Vaults:5 | Killed a golden dragon
 39084 | Vaults:5 | Noticed a golden dragon
 39105 | Vaults:5 | Noticed a golden dragon
 39118 | Vaults:5 | Noticed a golden dragon
 39119 | Vaults:5 | Reached XP level 21. HP: 170/170 MP: 10/34
 39355 | Vaults:5 | Shot with a bolt by a yaktaur

Skill      XL: |  1  2  3  4  5  6  7  8  9 10 11 12 13 14 15 16 17 18 19 20 21 |
---------------+----------------------------------------------------------------+-----
Shields        | 3 4 5 6 7 9 10 11 13 14 15 | 15.0
Armour         | 3 4 5 6 7 8 |  8.7
Polearms       | 2 3 5 7 8 9 10 11 12 13 14 15 16 | 16.3
Dodging        | 1 2 3 4 5 6 8 9 10 11 12 | 12.8
Fighting       | 4 5 6 7 8 9 10 11 12 13 14 15 16 | 16.0
Invocations    | 3 5 7 9 10 11 13 14 15 17 18 19 | 19.4
Stealth        | 1 2 3 5 6 |  6.4
Evocations     | 1 2 3 6 |  6.1

Action                   |  1- 3 |  4- 6 |  7- 9 | 10-12 | 13-15 | 16-18 | 19-21 || total
-------------------------+-------+-------+-------+-------+-------+-------+-------++-------
Melee: Trident           |   130 |   316 |   469 |    98 |       |       |       ||  1013
       Spear             |       |       |       |  1074 |  1463 |   873 |       ||  3410
       Demon trident     |       |       |       |       |       |   167 |  1130 ||  1297
Invok: Animate Remains   |       |       |    13 |     6 |       |       |       ||    19
       Animate Dead      |       |       |       |    30 |    49 |    16 |    23 ||   118
       Recall Undead Sla |       |       |       |       |     3 |    15 |    10 ||    28
       Enslave Soul      |       |       |       |       |     6 |     5 |     2 ||    13
       Drain Life        |       |       |       |       |     6 |     3 |    10 ||    19
       Injury Mirror     |       |       |       |       |       |       |     1 ||     1
Evoke: Wand              |       |       |    11 |    20 |     4 |       |     2 ||    37
       Lightning rod     |       |       |       |       |     1 |       |       ||     1
  Use: Potion            |     1 |     6 |    22 |     8 |    10 |     5 |    16 ||    68
       Scroll            |       |       |    10 |     9 |    10 |    15 |     7 ||    51
 Stab: Distracted        |       |       |     4 |    16 |    27 |    34 |    23 ||   104
       Sleeping          |       |       |     2 |     9 |    29 |    44 |    32 ||   116
       Invisible         |       |       |    14 |       |       |     1 |       ||    15
       Fleeing           |       |       |       |     1 |       |       |       ||     1
       Confused          |       |       |       |     1 |       |       |       ||     1
       Paralysed         |       |       |       |       |     3 |     4 |     2 ||     9
  Eat: Chunk             |     2 |     6 |    13 |    19 |    16 |    15 |    26 ||    97
       Ration            |       |       |     1 |     7 |    11 |     6 |     2 ||    27
Armor: Scale mail        |    57 |   100 |    89 |    12 |       |       |       ||   258
       Skin              |       |       |     7 |       |       |       |       ||     7
       Chain mail        |       |       |       |   116 |    51 |       |       ||   167
       Steam dragon scal |       |       |       |    14 |    99 |    76 |   151 ||   340
Dodge: Dodged            |    29 |    67 |   130 |   124 |   215 |   176 |   322 ||  1063
Block: Shield            |    58 |   148 |   162 |   406 |   589 |   364 |   620 ||  2347
       Reflection        |       |       |       |    48 |    46 |    52 |    90 ||   236
